[ PARTIDA AOE2 · #507190694 ]
UnrankedPersas vs Cumans
Equipo del jugador · VICT
Equipo rival · DERR
[ ANÁLISIS DE REPETICIÓN · EXTRAÍDO DE LA PARTIDA GRABADA ]
Feudal
10:52
Castillos
25:06
Imperial
38:45
| APM promedio | 63.8 |
| APM pico | 103 |
| eAPM promedio | 31.6 |
| Aldeanos / militares | 182 / 331 |
Foco
⚔️ 44.5% · 🌾 55.5%
Skirmisher ×129 · Scout Cavalry ×114 · Knight ×38 · Militia ×16 · Hand Cannoneer ×15 · Trebuchet (Packed) ×12
Feudal
9:21
Castillos
23:49
Imperial
37:16
| APM promedio | 99.4 |
| APM pico | 150 |
| eAPM promedio | 62.3 |
| Aldeanos / militares | 247 / 321 |
Foco
⚔️ 68.3% · 🌾 31.7%
Spearman ×181 · Kipchak ×87 · Cavalry Archer ×27 · Skirmisher ×10 · Trebuchet (Packed) ×7 · Scout Cavalry ×4
Mapa de la partida
Recursos iniciales + cada clic de construcción. Líneas = muros · curvas = relieve. ◆ oro · ⬟ piedra · ● bayas · ✦ reliquia · ◌ hueco del cierre
Tu base· Abierta — el rival se encerró
Base de [o.p.]Oliver_Khan· ✓ Cerrada en 23:49 · 39t muro · 1 puerta(s)
Terreno inicial suavizado · ◌ = hueco del cierre detectado · pasá el cursor para detalles
Inputs por minuto
— JOJO ROAD ROLLER - - [o.p.]Oliver_Khan
Build order — JOJO ROAD ROLLER
Primeras 150 de 756 acciones detectadas
| 0:00 | Crear | Villager (Male) ×5 |
| 0:01 | Construir | House |
| 0:02 | Construir | House |
| 1:31 | Crear | Villager (Male) |
| 1:31 | Crear | Villager (Male) |
| 1:50 | Construir | House |
| 1:51 | Construir | Barracks |
| 1:56 | Crear | Villager (Male) |
| 1:56 | Crear | Villager (Male) |
| 2:12 | Crear | Villager (Male) |
| 2:33 | Crear | Villager (Male) |
| 2:34 | Crear | Villager (Male) |
| 2:54 | Crear | Militia |
| 2:54 | Crear | Militia |
| 3:06 | Crear | Villager (Male) |
| 3:34 | Crear | Militia |
| 3:55 | Crear | Villager (Male) |
| 4:01 | Crear | Militia |
| 4:01 | Crear | Militia |
| 4:10 | Construir | House |
| 4:12 | Construir | House |
| 4:15 | Construir | Palisade Wall |
| 4:20 | Crear | Villager (Male) |
| 4:42 | Crear | Villager (Male) |
| 4:42 | Crear | Villager (Male) |
| 5:01 | Crear | Villager (Male) |
| 5:26 | Crear | Villager (Male) |
| 5:26 | Crear | Villager (Male) |
| 5:51 | Crear | Villager (Male) |
| 6:09 | Crear | Villager (Male) |
| 6:11 | Construir | Lumber Camp |
| 6:32 | Crear | Villager (Male) |
| 7:06 | Construir | Mill |
| 7:07 | Crear | Villager (Male) |
| 7:08 | Investigar | Loom |
| 7:58 | Crear | Villager (Male) |
| 8:22 | Crear | Villager (Male) |
| 8:28 | Construir | Mining Camp |
| 8:48 | Investigar | Feudal Age |
| 9:15 | Crear | Militia |
| 10:07 | Construir | Farm |
| 10:08 | Construir | Farm |
| 10:10 | Construir | Farm |
| 10:11 | Crear | Militia |
| 10:13 | Crear | Militia |
| 10:24 | Construir | Farm |
| 10:27 | Crear | Villager (Male) |
| 10:30 | Construir | House |
| 10:44 | Crear | Villager (Male) |
| 10:49 | Construir | House |
| 10:50 | Construir | Palisade Wall |
| 10:52 | Edad | Edad Feudal |
| 10:54 | Investigar | Man-at-Arms (upgrade) |
| 10:57 | Construir | House |
| 10:58 | Construir | Palisade Wall |
| 11:10 | Crear | Spearman |
| 11:28 | Construir | House |
| 11:33 | Crear | Spearman |
| 11:44 | Crear | Villager (Male) |
| 11:44 | Crear | Villager (Male) |
| 11:55 | Construir | Archery Range |
| 12:00 | Crear | Militia |
| 12:07 | Crear | Villager (Male) |
| 12:10 | Construir | Farm |
| 12:28 | Crear | Villager (Male) |
| 12:28 | Crear | Villager (Male) |
| 12:30 | Construir | Farm |
| 12:48 | Crear | Archer |
| 12:57 | Construir | Farm |
| 13:02 | Investigar | Arson |
| 13:02 | Investigar | Arson |
| 13:07 | Crear | Villager (Male) |
| 13:17 | Construir | Farm |
| 13:19 | Construir | Farm |
| 13:27 | Crear | Villager (Male) |
| 13:27 | Crear | Villager (Male) |
| 13:55 | Construir | Palisade Wall |
| 14:04 | Crear | Militia |
| 14:07 | Crear | Villager (Male) |
| 14:09 | Construir | House |
| 14:19 | Crear | Militia |
| 14:26 | Construir | Farm |
| 14:28 | Construir | Farm |
| 14:30 | Crear | Villager (Male) |
| 14:51 | Crear | Villager (Male) |
| 14:52 | Crear | Archer |
| 14:54 | Crear | Militia |
| 15:04 | Crear | Villager (Male) |
| 15:08 | Construir | Farm |
| 15:36 | Crear | Villager (Male) |
| 15:57 | Crear | Villager (Male) |
| 16:03 | Crear | Militia |
| 16:06 | Construir | Blacksmith |
| 16:09 | Crear | Militia |
| 16:23 | Crear | Villager (Male) |
| 16:38 | Construir | Stable |
| 17:07 | Crear | Villager (Male) |
| 17:11 | Investigar | Horse Collar |
| 17:12 | Investigar | Double-Bit Axe |
| 17:39 | Crear | Villager (Male) |
| 17:39 | Crear | Villager (Male) |
| 17:42 | Construir | Farm |
| 17:43 | Construir | Farm |
| 17:43 | Crear | Scout Cavalry |
| 18:02 | Crear | Villager (Male) |
| 18:15 | Crear | Militia |
| 18:19 | Crear | Scout Cavalry |
| 18:35 | Crear | Villager (Male) |
| 18:43 | Crear | Scout Cavalry |
| 18:47 | Crear | Militia |
| 18:49 | Construir | Mill |
| 18:49 | Construir | Farm |
| 18:50 | Construir | Farm |
| 18:50 | Construir | Farm |
| 18:50 | Construir | Farm |
| 18:50 | Construir | Farm |
| 18:51 | Construir | Farm |
| 18:51 | Construir | Farm |
| 18:51 | Construir | Farm |
| 18:51 | Construir | Farm |
| 19:05 | Crear | Scout Cavalry |
| 19:12 | Crear | Villager (Male) |
| 19:12 | Crear | Villager (Male) |
| 19:16 | Construir | Farm |
| 19:19 | Construir | Farm |
| 19:22 | Crear | Villager (Male) |
| 19:35 | Crear | Villager (Male) |
| 19:55 | Crear | Villager (Male) |
| 19:55 | Crear | Villager (Male) |
| 20:11 | Crear | Villager (Male) |
| 20:12 | Crear | Villager (Male) |
| 20:19 | Crear | Villager (Male) |
| 20:24 | Construir | Lumber Camp |
| 20:26 | Construir | Farm |
| 20:30 | Construir | Farm |
| 20:35 | Crear | Scout Cavalry |
| 20:47 | Investigar | Forging |
| 20:49 | Construir | Stable |
| 21:02 | Construir | Farm |
| 21:03 | Crear | Villager (Male) |
| 21:08 | Investigar | Wheelbarrow |
| 21:09 | Investigar | Wheelbarrow |
| 21:32 | Construir | Market |
| 21:46 | Crear | Villager (Male) |
| 21:50 | Construir | House |
| 21:53 | Construir | Palisade Gate |
| 22:27 | Construir | Farm |
| 22:28 | Construir | Farm |
| 22:41 | Investigar | Castle Age |
| 23:12 | Construir | Archery Range |
Build order — [o.p.]Oliver_Khan
Primeras 150 de 714 acciones detectadas
| 0:00 | Crear | Villager (Male) ×4 |
| 0:00 | Crear | Villager (Male) ×4 |
| 0:01 | Construir | House |
| 0:02 | Construir | House |
| 1:30 | Crear | Villager (Male) |
| 1:30 | Crear | Villager (Male) |
| 1:59 | Crear | Villager (Male) |
| 1:59 | Crear | Villager (Male) |
| 2:09 | Construir | Lumber Camp |
| 2:25 | Crear | Villager (Male) |
| 2:25 | Crear | Villager (Male) |
| 2:54 | Crear | Villager (Male) |
| 3:12 | Crear | Villager (Male) |
| 3:13 | Crear | Villager (Male) |
| 3:49 | Construir | House |
| 4:11 | Crear | Villager (Male) |
| 4:34 | Crear | Villager (Male) |
| 4:50 | Construir | Mill |
| 4:57 | Crear | Villager (Male) |
| 5:23 | Crear | Villager (Male) |
| 5:39 | Construir | Palisade Gate |
| 5:53 | Investigar | Loom |
| 5:53 | Investigar | Loom |
| 5:53 | Investigar | Loom |
| 5:53 | Investigar | Loom |
| 5:56 | Construir | Palisade Wall |
| 6:13 | Crear | Villager (Male) |
| 6:44 | Crear | Villager (Male) |
| 7:11 | Investigar | Feudal Age |
| 7:12 | Investigar | Feudal Age |
| 8:19 | Construir | Barracks |
| 8:41 | Construir | House |
| 8:44 | Construir | House |
| 9:07 | Crear | Villager (Male) |
| 9:21 | Edad | Edad Feudal |
| 9:24 | Construir | Stable |
| 9:28 | Investigar | Double-Bit Axe |
| 9:28 | Investigar | Double-Bit Axe |
| 9:28 | Investigar | Double-Bit Axe |
| 9:47 | Crear | Villager (Male) |
| 9:59 | Crear | Villager (Male) |
| 10:03 | Construir | House |
| 10:05 | Crear | Scout Cavalry |
| 10:07 | Construir | House |
| 10:19 | Construir | Mill |
| 10:24 | Construir | Palisade Wall |
| 10:24 | Construir | Palisade Wall |
| 10:25 | Construir | Palisade Wall |
| 10:25 | Construir | Palisade Wall |
| 10:27 | Crear | Scout Cavalry |
| 10:28 | Crear | Villager (Male) |
| 10:42 | Investigar | Horse Collar |
| 10:42 | Investigar | Horse Collar |
| 10:43 | Investigar | Horse Collar |
| 10:43 | Investigar | Horse Collar |
| 10:43 | Investigar | Horse Collar |
| 10:54 | Construir | Farm |
| 10:59 | Crear | Villager (Male) |
| 11:21 | Construir | Archery Range |
| 11:23 | Crear | Villager (Male) |
| 11:34 | Construir | Farm |
| 11:41 | Construir | House |
| 11:47 | Construir | Farm |
| 11:54 | Crear | Villager (Male) |
| 12:07 | Construir | Farm |
| 12:12 | Construir | Farm |
| 12:19 | Crear | Skirmisher |
| 12:22 | Crear | Villager (Male) |
| 12:36 | Construir | Farm |
| 12:44 | Crear | Skirmisher |
| 12:48 | Crear | Villager (Male) |
| 12:48 | Crear | Villager (Male) |
| 12:58 | Construir | Farm |
| 13:06 | Crear | Skirmisher |
| 13:09 | Construir | Farm |
| 13:14 | Crear | Villager (Male) |
| 13:19 | Construir | Farm |
| 13:29 | Construir | Farm |
| 13:32 | Crear | Villager (Male) |
| 13:34 | Construir | House |
| 13:38 | Construir | House |
| 14:00 | Crear | Villager (Male) |
| 14:02 | Crear | Skirmisher |
| 14:03 | Construir | Farm |
| 14:13 | Construir | Farm |
| 14:23 | Crear | Scout Cavalry |
| 14:25 | Crear | Skirmisher |
| 14:29 | Crear | Villager (Male) |
| 14:42 | Construir | House |
| 14:45 | Construir | Palisade Wall |
| 14:47 | Construir | Palisade Wall |
| 14:51 | Construir | Palisade Wall |
| 14:57 | Crear | Villager (Male) |
| 14:58 | Crear | Skirmisher |
| 15:01 | Crear | Villager (Male) |
| 15:32 | Crear | Scout Cavalry |
| 15:38 | Construir | House |
| 15:40 | Construir | Palisade Wall |
| 15:41 | Construir | Palisade Wall |
| 15:42 | Construir | Palisade Wall |
| 15:44 | Construir | Palisade Wall |
| 16:08 | Crear | Villager (Male) |
| 16:08 | Crear | Villager (Male) |
| 16:25 | Crear | Villager (Male) |
| 16:27 | Construir | Mining Camp |
| 16:27 | Crear | Villager (Male) |
| 16:27 | Crear | Villager (Male) |
| 16:36 | Crear | Skirmisher |
| 16:49 | Construir | House |
| 16:50 | Construir | House |
| 16:55 | Crear | Skirmisher |
| 16:57 | Crear | Villager (Male) |
| 17:13 | Construir | Blacksmith |
| 17:20 | Construir | Palisade Wall |
| 17:23 | Construir | Palisade Wall |
| 17:39 | Crear | Skirmisher |
| 17:57 | Crear | Villager (Male) |
| 18:09 | Crear | Skirmisher |
| 18:12 | Construir | House |
| 18:21 | Investigar | Fletching |
| 18:21 | Investigar | Fletching |
| 18:21 | Investigar | Fletching |
| 18:36 | Crear | Villager (Male) |
| 18:45 | Crear | Villager (Male) |
| 18:45 | Crear | Villager (Male) |
| 19:10 | Crear | Villager (Male) |
| 19:12 | Construir | Market |
| 19:16 | Construir | House |
| 19:17 | Construir | House |
| 19:17 | Construir | House |
| 19:20 | Construir | House |
| 19:23 | Construir | House |
| 19:23 | Construir | House |
| 19:33 | Construir | Farm |
| 19:34 | Construir | Farm |
| 19:40 | Construir | Palisade Wall |
| 19:40 | Construir | Palisade Wall |
| 19:41 | Construir | Palisade Wall |
| 20:00 | Crear | Spearman |
| 20:20 | Crear | Spearman |
| 20:26 | Crear | Spearman |
| 20:44 | Crear | Villager (Male) |
| 20:45 | Crear | Villager (Male) |
| 21:06 | Construir | Lumber Camp |
| 21:07 | Investigar | Castle Age |
| 21:07 | Investigar | Castle Age |
| 21:07 | Investigar | Castle Age |
| 21:11 | Construir | Archery Range |
| 21:24 | Construir | House |
| 21:32 | Investigar | Gold Mining |
Cronología de la partida
| 1:51 | JOJO ROAD ROLLER · first_building Barracks |
| 4:15 | JOJO ROAD ROLLER · wall_segment Palisade Wall x3 |
| 5:56 | [o.p.]Oliver_Khan · wall_segment Palisade Wall x1 |
| 8:19 | [o.p.]Oliver_Khan · first_building Barracks |
| 9:21 | [o.p.]Oliver_Khan · age_up feudal |
| 9:24 | [o.p.]Oliver_Khan · first_building Stable |
| 10:24 | [o.p.]Oliver_Khan · wall_segment Palisade Wall x1 |
| 10:24 | [o.p.]Oliver_Khan · wall_segment Palisade Wall x1 |
| 10:25 | [o.p.]Oliver_Khan · wall_segment Palisade Wall x1 |
| 10:25 | [o.p.]Oliver_Khan · wall_segment Palisade Wall x1 |
| 10:50 | JOJO ROAD ROLLER · wall_segment Palisade Wall x10 |
| 10:52 | JOJO ROAD ROLLER · age_up feudal |
| 10:58 | JOJO ROAD ROLLER · wall_segment Palisade Wall x13 |
| 11:21 | [o.p.]Oliver_Khan · first_building Archery Range |
| 11:55 | JOJO ROAD ROLLER · first_building Archery Range |
| 13:55 | JOJO ROAD ROLLER · wall_segment Palisade Wall x1 |
| 14:45 | [o.p.]Oliver_Khan · wall_segment Palisade Wall x5 |
| 14:47 | [o.p.]Oliver_Khan · wall_segment Palisade Wall x7 |
| 14:51 | [o.p.]Oliver_Khan · wall_segment Palisade Wall x5 |
| 15:40 | [o.p.]Oliver_Khan · wall_segment Palisade Wall x1 |
| 15:41 | [o.p.]Oliver_Khan · wall_segment Palisade Wall x1 |
| 15:42 | [o.p.]Oliver_Khan · wall_segment Palisade Wall x1 |
| 15:44 | [o.p.]Oliver_Khan · wall_segment Palisade Wall x1 |
| 16:38 | JOJO ROAD ROLLER · first_building Stable |
| 17:20 | [o.p.]Oliver_Khan · wall_segment Palisade Wall x1 |
| 17:23 | [o.p.]Oliver_Khan · wall_segment Palisade Wall x1 |
| 19:40 | [o.p.]Oliver_Khan · wall_segment Palisade Wall x11 |
| 19:40 | [o.p.]Oliver_Khan · wall_segment Palisade Wall x1 |
| 19:41 | [o.p.]Oliver_Khan · wall_segment Palisade Wall x1 |
| 22:40 | JOJO ROAD ROLLER · first_market_buy 100 food |
| 23:36 | [o.p.]Oliver_Khan · first_building Siege Workshop |
| 23:39 | JOJO ROAD ROLLER · wall_segment Palisade Wall x1 |
| 23:49 | [o.p.]Oliver_Khan · age_up castle |
| 23:51 | [o.p.]Oliver_Khan · first_building Monastery |
| 25:06 | JOJO ROAD ROLLER · age_up castle |
| 30:41 | JOJO ROAD ROLLER · first_building Monastery |
| 32:07 | [o.p.]Oliver_Khan · first_market_buy 100 food |
| 33:11 | [o.p.]Oliver_Khan · first_building Castle |
| 33:12 | JOJO ROAD ROLLER · first_market_sell 100 wood |
| 37:16 | [o.p.]Oliver_Khan · age_up imperial |
| 37:36 | [o.p.]Oliver_Khan · wall_segment Palisade Wall x1 |
| 38:26 | [o.p.]Oliver_Khan · first_market_sell 500 stone |
| 38:45 | JOJO ROAD ROLLER · age_up imperial |
| 38:57 | JOJO ROAD ROLLER · first_building Castle |
| 44:00 | [o.p.]Oliver_Khan · wall_segment Palisade Wall x1 |
| 44:01 | [o.p.]Oliver_Khan · wall_segment Palisade Wall x1 |
| 51:24 | [o.p.]Oliver_Khan · wall_segment Palisade Wall x1 |
| 54:46 | [o.p.]Oliver_Khan · resign |
[ ANÁLISIS IA · 1 CRÉDITO ]
¿Qué pasó realmente en esta partida?
Wolo.gg analiza cada decisión: build order, eco, micro, errores típicos por bracket. Análisis personalizado por WhatsApp o Discord en 30 segundos.
Guía civ
Persas
Perfil
Jugador #12249685